 Dungeon Crawl Stone Soup version 0.27-a0-1296-g8ece459b43 (webtiles) character file.

Game seed: 18264196224360183033

5316 Froggeryz the Basher (level 10, -2/138 HPs)
             Began as an Ogre Berserker on June 16, 2021.
             Was a Priest of Trog.
             Slain by a killer bee (3 damage)
             ... on level 8 of the Dungeon.
             The game lasted 00:12:49 (13197 turns).

Froggeryz the Basher (Ogre Berserker)              Turns: 13197, Time: 00:12:49

Health: -2/138     AC: 25    Str: 31      XL:     10   Next: 64%
Magic:  10/10      EV:  1    Int:  6      God:    Trog [***...]
Gold:   621        SH:  0    Dex:  8 (9)  Spells: 9/9 levels left

rFire    . . .     SeeInvis .   a - +0 mace
rCold    . . .     Faith    .   (no shield)
rNeg     + + +     Spirit   .   (armour currently unavailable)
rPois    +         Reflect  .   (helmet currently unavailable)
rElec    .         Harm     .   (cloak currently unavailable)
rCorr    .         Rampage  .   (gloves unavailable)
Will     +....     NoTele   +   (boots unavailable)
Stlth    +.........             (no amulet)
HPRegen  0.33/turn              z - +6 ring of strength
MPRegen  0.12/turn              (no ring)

@: lethally poisoned (-2 -> -10), tree-form
A: stationary, stasis, torment immunity, boosted hp, large, unfitting armour,
(tough skin 1), deterioration 1, dopey 1, (teleportitis 1)
a: Renounce Religion, Berserk, Trog's Hand


You were on level 8 of the Dungeon.
You worshipped Trog.
Trog was most pleased with you.
You were a tree.
You visited 1 branch of the dungeon, and saw 9 of its levels.

You collected 621 gold pieces.

Inventory:

Hand Weapons
 a - a +0 mace (weapon)
 b - a +0 giant spiked club
 B - a +0 morningstar
Missiles
 x - 3 throwing nets
 C - 9 curare-tipped darts
Armour
 r - a +0 cloak (melded)
 t - a +1 robe of positive energy (melded)
Jewellery
 z - a +6 ring of strength (left branch)
Wands
 i - a wand of paralysis (11)
 s - a wand of polymorph (1)
 D - a wand of acid (16)
Scrolls
 o - a scroll of enchant weapon {unknown}
 p - a scroll of amnesia {unknown}
 q - a scroll of fog {unknown}
 v - a scroll of acquirement {unknown}
 w - a scroll of holy word {unknown}
 y - a scroll of teleportation {unknown}
 A - 2 scrolls of magic mapping {unknown}
 F - a scroll of noise {unknown}
Potions
 c - 4 potions of mutation
 d - 2 potions of attraction
 e - a potion of flight {unknown}
 f - 2 potions of brilliance
 g - 2 potions of might {unknown}
 j - 2 potions of cancellation
 l - 2 potions of haste
 m - a potion of invisibility {unknown}
 n - 5 potions of curing
 u - a potion of lignification


   Skills:
 - Level 4.0 Fighting
 * Level 13.8 Maces & Flails
 - Level 2.6 Dodging


You had 9 spell levels left.
You didn't know any spells.
Your spell library was empty.

Dungeon Overview and Level Annotations

Branches:
Dungeon (9/15)             Temple (0/1) D:5
   Lair: D:8-11         Orc: D:9-12

Altars:
Trog

Annotations:
D:4 3 runed translucent doors, atomjack's ghost, amateur OpTm


Innate Abilities, Weirdness & Mutations

You are a tree.
Your roots penetrate the ground, keeping you stationary.
You cannot be teleported.
You are immune to unholy pain and torment.
Your maximum health is greatly increased.
Your equipment is partially melded.
You are too large for most types of armour.
((You have tough skin. (AC +1)))
Your body sometimes deteriorates upon taking damage.
You are dopey. (Int -2)
((You are occasionally teleported next to monsters.))


Message History

* * * LOW HITPOINT WARNING * * *
The killer bee stings you.
* * * LOW HITPOINT WARNING * * *
The killer bee closely misses you. The killer bee stings you.
* * * LOW HITPOINT WARNING * * *
Okay, then.
Okay, then.
Okay, then.
Really quaff the potion of lignification?
You turn into a tree.
Your +0 cloak melds into your body.
Your +1 robe of positive energy melds into your body.
You feel less protected from negative energy.
Your roots penetrate the ground.
* * * LOW HITPOINT WARNING * * *
You feel very sick. The killer bee stings you!
* * * LOW HITPOINT WARNING * * *
The killer bee stings you but does no damage. x3
The killer bee stings you.
* * * LOW HITPOINT WARNING * * *
The killer bee stings you but does no damage.
You feel better.
The killer bee stings you but does no damage.
The killer bee stings you.
* * * LOW HITPOINT WARNING * * *
You are lethally poisoned!
The killer bee poisons you!
The killer bee stings you but does no damage.
The killer bee barely misses you. x2; The killer bee stings you.
* * * LOW HITPOINT WARNING * * *
You feel better. The killer bee stings you.
* * * LOW HITPOINT WARNING * * *
The killer bee stings you but does no damage. x2
The killer bee stings you!
* * * LOW HITPOINT WARNING * * *
You are lethally poisoned!
The killer bee poisons you!
The killer bee stings you but does no damage.
The killer bee stings you.
You die...

###########
#♣y.>.....#
#####
#yy.......#
#...#
#.........#
#...#
####.........#
#...#
#............#
#...#
#.##.........#
#...##
#.##.<.......#
#....##
#.##.........#
#.....#
#.##.........#


You could see 3 killer bees.

Vanquished Creatures
  Harold (D:7)
  2 two-headed ogres
  Grinder (D:5)
  Sigmund (D:5)
  2 wyverns
  Menkaure (D:5)
  An orc warrior (D:9)
  A necrophage (D:5)
  2 sky beasts
  An ogre (D:5)
  A centaur (D:8)
  5 kobold brigands
  4 phantoms
  3 bullfrogs
  A scorpion (D:6)
  3 killer bees
  4 wights (D:7)
  A lava snake (D:7)
  2 bullfrog zombies (D:5)
  4 hounds
  3 orc priests
  Crazy Yiuf (D:4)
  2 centaur skeletons
  Ijyb (D:4)
  3 iguanas
  4 orc wizards
  A killer bee zombie (D:7)
  A hound skeleton (D:4)
  6 gnolls
  8 adders
  A shadow imp (D:6)
  3 white imps (D:4)
  An adder skeleton (D:5)
  A worm (D:2)
  3 dart slugs (D:1)
  25 orcs
  6 endoplasms
  3 giant cockroaches
  4 goblins
  3 hobgoblins
  8 jackals
  5 quokkas
  3 ball pythons
  A bat (D:1)
  4 frilled lizards
  24 kobolds
  5 rats
171 creatures vanquished.

Notes
Turn   | Place    | Note
-------+----------+-------------------------------------------
     0 | D:1      | Froggeryz the Ogre Berserker began the quest for the Orb.
     0 | D:1      | Reached XP level 1. HP: 24/24 MP: 1/1
    38 | D:1      | Reached skill level 3 in Maces & Flails
   154 | D:1      | Reached XP level 2. HP: 30/32 MP: 2/2
   488 | D:1      | Reached XP level 3. HP: 38/39 MP: 3/3
  1093 | D:2      | Reached skill level 4 in Maces & Flails
  1469 | D:2      | Reached ** piety under Trog
  2062 | D:3      | Reached XP level 4. HP: 23/48 MP: 4/4
  3248 | D:4      | Noticed atomjack's ghost (amateur OpTm)
  3264 | D:4      | Reached skill level 5 in Maces & Flails
  3319 | D:4      | Reached XP level 5. HP: 47/54 MP: 5/5
  3675 | D:4      | You fall into a shaft and drop 2 floors!
  3682 | D:5      | Entered Level 5 of the Dungeon
  4088 | D:4      | Reached XP level 6. HP: 8/62 MP: 6/6
  4546 | D:4      | Found a runed translucent door.
  4547 | D:4      | Noticed Crazy Yiuf
  4571 | D:4      | Found a runed translucent gate.
  4573 | D:4      | Found a runed translucent gate.
  4575 | D:4      | Found a runed translucent gate.
  4715 | D:4      | Noticed a wyvern
  4719 | D:4      | Killed a wyvern
  4720 | D:4      | Reached skill level 6 in Maces & Flails
  4924 | D:4      | Killed Crazy Yiuf
  5020 | D:5      | Noticed Sigmund
  5020 | D:5      | Noticed Ijyb
  5158 | D:4      | Killed Ijyb
  5159 | D:4      | Reached skill level 7 in Maces & Flails
  5159 | D:4      | Reached XP level 7. HP: 62/70 MP: 7/7
  5346 | D:5      | Killed Sigmund
  5913 | D:5      | Noticed Menkaure
  5922 | D:5      | Killed Menkaure
  5923 | D:5      | Reached skill level 8 in Maces & Flails
  6201 | D:5      | Found a staircase to the Ecumenical Temple.
  6249 | D:5      | Reached XP level 8. HP: 78/78 MP: 8/8
  6464 | D:5      | Reached skill level 9 in Maces & Flails
  6634 | D:5      | Noticed Grinder
  6656 | D:5      | Killed Grinder
  7257 | D:6      | Reached skill level 10 in Maces & Flails
  7389 | D:6      | Noticed a two-headed ogre
  7396 | D:6      | Killed a two-headed ogre
  7397 | D:6      | Reached skill level 11 in Maces & Flails
  7397 | D:6      | Reached XP level 9. HP: 52/84 MP: 9/9
  9264 | D:7      | Reached skill level 12 in Maces & Flails
  9380 | D:7      | Noticed Harold
  9399 | D:7      | Killed Harold
  9400 | D:7      | Reached XP level 10. HP: 64/92 MP: 10/10
  9844 | D:7      | Reached *** piety under Trog
  9930 | D:7      | Reached skill level 13 in Maces & Flails
 10965 | D:8      | Identified the +2 pair of gloves of the Ninety-Nine Dances
                  | {rPois rF+ rC- Int+2}
 11531 | D:9      | Found a bloodstained altar of Trog.
 11962 | D:9      | Gained mutation: Your body sometimes deteriorates upon
                  | taking damage. [potion of mutation]
 11962 | D:9      | Gained mutation: You are occasionally teleported next to
                  | monsters. [potion of mutation]
 11962 | D:9      | Gained mutation: You are dopey. (Int -2) [potion of
                  | mutation]
 11962 | D:9      | HP: 2/92 [orc warrior (9)]
 12936 | D:9      | Noticed a two-headed ogre
 12944 | D:9      | Killed a two-headed ogre
 13195 | D:8      | HP: 3/138 [killer bee (5)]
 13197 | D:8      | HP: 1/138 [killer bee (7)]
 13197 | D:8      | Slain by a killer bee

Illustrated notes

Levels and vault maps discovered:
D:1:      shiori_shiawase, layout_rooms
D:2:      layout_loops_corners, minivault_27
D:3:      layout_basic, columned_hall_lemuel
D:4:      layout_loops_ring, gammafunk_ghost_nasty_kobolds,
          uniq_crazy_yiuf_cottage
D:5:      layout_loops_cross, minmay_temple_entry_waves, uniq_ijyb,
          uniq_menkaure, uniq_grinder, uniq_sigmund
D:6:      layout_gridville
D:7:      layout_loops_ring, grunt_ministairs_1, kennysheep_path_1, uniq_harold
D:8:      layout_rooms
D:9:      layout_roguey, trog_three_pillars_becter

Skill      XL: |  1  2  3  4  5  6  7  8  9 10 |
---------------+-------------------------------+-----
Maces & Flails | 3 4 5 7 8 11 12 13 | 13.8
Fighting       | |  4.0
Dodging        | |  2.6

Action                   |  1- 3 |  4- 6 |  7- 9 | 10-12 || total
-------------------------+-------+-------+-------+-------++-------
Melee: Mace              |   128 |   150 |   315 |   220 ||   813
       Unarmed           |       |    14 |       |       ||    14
Invok: Berserk           |       |     5 |     9 |     4 ||    18
       Trog's Hand       |       |     1 |     2 |       ||     3
Evoke: Wand              |       |       |     1 |    10 ||    11
  Use: Potion            |       |       |       |     9 ||     9
       Scroll            |       |       |       |     4 ||     4
 Stab: Paralysed         |       |       |     2 |     5 ||     7
Armor: Animal skin       |    38 |    34 |     7 |       ||    79
       Skin              |       |     2 |       |     9 ||    11
       Robe              |       |       |    68 |    76 ||   144
Dodge: Dodged            |    66 |    92 |   123 |   114 ||   395

Table legend: (Time is in decaauts)
 A = Elapsed time spent in this place.
 B = Non-inter-level travel time spent in this place.
 C = Inter-level travel time spent in this place.
 D = Time resting spent in this place.
 E = Time spent auto-exploring this place.
 F = Levels seen in this place.
 G = Mean time per level.
                   A        B        C        D        E       F      G
               +--------+--------+--------+--------+--------+-----+--------+
         Total |  13301 |  12896 |    405 |   3783 |   7636 |   9 | 1477.9 |
       Dungeon |  13301 |  12896 |    405 |   3783 |   7636 |   9 | 1477.9 |
               +--------+--------+--------+--------+--------+-----+--------+

Top non-repeatable levels by time:
     D:4: 2519 daAuts
     D:6: 2000 daAuts
     D:5: 1622 daAuts
     D:8: 1397 daAuts
     D:7: 1299 daAuts
     D:3: 1264 daAuts
     D:2: 1234 daAuts
     D:9: 1181 daAuts
     D:1: 782 daAuts
